 Dungeon Crawl Stone Soup version 0.31-a0-1616-gbeaec30b81 (webtiles) character file.

Game seed: 15010228188728168806

34972 shadizar the Protected (level 13, -14/101 HPs)
             Began as a Gnoll Wanderer on Jan 10, 2024.
             Was the Champion of Okawaru.
             Demolished by a two-headed ogre
             ... wielding a +0 giant club
              (20 damage)
             ... on level 2 of the Orcish Mines.
             The game lasted 00:34:14 (14850 turns).

shadizar the Protected (Gnoll Wanderer)            Turns: 14850, Time: 00:34:15

Health: -14/101    AC: 23    Str: 25    XL:     13   Next: 80%
Magic:  25/25      EV: 14    Int: 11    God:    Okawaru [******]
Gold:   1438       SH: 10    Dex: 10    Spells: 29/29 levels left

rFire   . . .        G - +8 demon trident (venom)
rCold   . . .        E - +0 kite shield
rNeg    . . .        d - +0 plate armour
rPois   .            u - +2 helmet {SInv}
rElec   .            I - +2 cloak {Stlth+}
rCorr   .            (no gloves)
SInv    +            k - +0 pair of boots
Will    .....        B - amulet of regeneration Stlth
                     t - +5 ring of evasion
HPRegen 1.16/turn    l - +6 ring of strength
MPRegen 0.19/turn

%: no passive effects
@: no status effects
A: fangs 1, strong nose, distributed training
a: Renounce Religion, Heroism, Finesse, Duel, Receive Weapon, Receive Armour


You were on level 2 of the Orcish Mines.
You worshipped Okawaru.
Okawaru was exalted by your worship.
You visited 3 branches of the dungeon, and saw 15 of its levels.

You collected 1438 gold pieces.

Inventory:

Hand Weapons
 m - a +5 morningstar
 C - a +5 long sword of freezing
 G - a +8 demon trident of venom (weapon)
Armour
 d - a +0 plate armour (worn)
 k - a +0 pair of boots (worn)
 p - +0 acid dragon scales
 u - a +2 helmet of see invisible (worn)
 E - a +0 kite shield (worn)
 F - +0 ice dragon scales
 I - a +2 cloak of stealth (worn)
Jewellery
 l - a +6 ring of strength (right hand)
 s - a ring of poison resistance
 t - a +5 ring of evasion (left hand)
 y - a ring of ice
 z - a ring of resist corrosion
 B - an amulet of regeneration (around neck)
 H - an amulet of the acrobat
Talismans
 j - a beast talisman
 x - a flux talisman
 A - a blade talisman
Wands
 a - a wand of light (13)
 b - a wand of polymorph (6)
 o - a wand of roots (8)
 w - a wand of flame (6)
Scrolls
 f - a scroll of teleportation
 n - a scroll of amnesia
Potions
 c - 2 potions of might
 e - a potion of resistance
 g - 2 potions of enlightenment
 h - a potion of mutation
 r - a potion of cancellation


   Skills:
 + Level 9.3 Fighting
 + Level 8.9 Short Blades
 + Level 8.9 Long Blades
 + Level 11.1 Axes
 + Level 8.9 Maces & Flails
 + Level 9.3 Polearms
 + Level 8.9 Staves
 + Level 8.9 Ranged Weapons
 + Level 8.9 Throwing
 + Level 11.1 Armour
 + Level 9.3 Dodging
 + Level 8.9 Stealth
 + Level 8.9 Shields
 + Level 8.9 Unarmed Combat
 + Level 8.9 Spellcasting
 + Level 7.4 Conjurations
 + Level 7.4 Hexes
 + Level 7.4 Summonings
 + Level 7.4 Necromancy
 + Level 7.4 Translocations
 + Level 7.4 Fire Magic
 + Level 7.4 Ice Magic
 + Level 7.4 Air Magic
 + Level 7.4 Earth Magic
 + Level 7.4 Alchemy
 + Level 9.8 Invocations
 + Level 9.3 Evocations
 + Level 8.1 Shapeshifting


You had 29 spell levels left.
You didn't know any spells.
Your spell library contained the following spells:

 Spells                   Type           Power      Damage    Failure   Level
 Apportation              Tloc           42%        N/A       12%         1
 Magic Dart               Conj           84%        1d7       12%         1
 Necrotise                Necr           84%        1d8       12%         1
 Sting                    Conj/Alch      84%        1d8       12%         1
 Blink                    Tloc           42%        N/A       17%         2
 Mercury Vapours          Alch/Air       42%        N/A       17%         2
 Scorch                   Fire           42%        2d6       17%         2
 Inner Flame              Hex/Fire       21%        N/A       34%         3
 Mephitic Cloud           Conj/Alch/Air  21%        N/A       34%         3
 Vampiric Draining        Necr           21%        2d7       34%         3
 Flame Wave               Conj/Fire      21%        2d8       75%         4
 Sticky Flame             Fire/Alch      21%        2d6       75%         4
 Curse of Agony           Necr           21%        N/A       97%         5
 Freezing Cloud           Conj/Ice/Air   10%        6-21      97%         5
 Yara's Violent Unravell  Hex/Alch       10%        3d6       97%         5
 Ignition                 Fire           10%        3d5       100%        8
 Summon Small Mammal      Summ           Unusable   N/A       N/A         1
 Call Imp                 Summ           Unusable   N/A       N/A         2
 Martyr's Knell           Necr/Summ      Unusable   N/A       N/A         4

Dungeon Overview and Level Annotations

Branches:
Dungeon (12/15)            Temple (1/1) D:4            Lair (0/5) D:11
    Orc (2/2) D:10            Elf (0/3) Orc:2

Altars:
Ashenzari
Cheibriados
Dithmenos
Elyvilon
Fedhas
Gozag
Hepliaklqana
Kikubaaqudgha
Makhleb
Nemelex Xobeh
Okawaru
Qazlal
Ru
Sif Muna
Trog
Uskayaw
Vehumet
Wu Jian
Xom
Yredelemnul
Zin
The Shining One

Shops:
D:5 (   D:8 ?   D:10 *

Annotations:
D:11 exclusion: oklob plant


Innate Abilities, Weirdness & Mutations

You have very sharp teeth.
Your uncanny sense of smell can sniff out nearby items.
Your experience applies equally to all skills.


Message History

You reach to attack!
You barely miss the ogre mage.
The ogre mage hits you from afar with a +0 spear.
Unknown command.
You reach to attack!
You puncture the ogre mage!
The ogre mage looks as sick as possible!
The ogre mage is moderately wounded.
You block the ogre mage's attack.
You reach to attack!
You barely miss the ogre mage.
The ogre mage is moderately wounded.
The ogre mage hits you from afar with a +0 spear.
You reach to attack!
You puncture the ogre mage!
The ogre mage looks as sick as possible!
The ogre mage is heavily wounded.
The ogre mage hits you but does no damage.
You reach to attack!
You hit the ogre mage.
The ogre mage looks as sick as possible!
The ogre mage is severely wounded.
The ogre mage hits you from afar with a +0 spear!
A two-headed ogre comes into view.
It is wielding a +0 giant club and a +0 giant spiked club.
You reach to attack!
You hit the ogre mage.
The ogre mage looks as sick as possible!
The ogre mage is severely wounded.
The ogre mage points at you and mumbles some strange words.
The bolt of magma hits you!!
* * * LOW HITPOINT WARNING * * *
The ogre mage closely misses you. The ogre mage casts a spell at you.
The bolt of magma hits you!!
* * * LOW HITPOINT WARNING * * *
You impale the ogre mage!!
You kill the ogre mage!
Okawaru accepts your kill.
The two-headed ogre hits you with a +0 giant club.
* * * LOW HITPOINT WARNING * * *
The two-headed ogre barely misses you.
Things that are here:
a +0 spear; a +0 robe The two-headed ogre attacks as it pursues you!
The two-headed ogre hits you with a +0 giant club!!
You die...

###### #######.##<##
##.##........#
#........##.####
#............#.##
##..#...........#
###....<#<..#..##
##......#........# ###
##...@)..##......## ##.##
##...O)).#.......##
#...#######.#.............###
##..^.#.##.[......#.......#.##
#..........[).)..............#
.............................#
#>.#.........................#
.##..........#..............##
...........##................#


You could see a two-headed ogre (fast).

Vanquished Creatures
  An orc warlord (Orc:1)
  Fannar (D:10)
  Harold (D:9)
  A hydra (D:11)
  A rakshasa (D:12)
  3 ogre magi (Orc:2)
  2 boulder beetles (D:12)
  8 two-headed ogres
  Urug (D:11)
  A deep elf knight (D:12)
  Sonja (D:11)
  2 orc knights
  2 deep elf pyromancers (D:12)
  3 orc sorcerers
  4 cyclopes (D:12)
  3 kobold blastminers (Orc:2)
  2 manticores (D:12)
  Maurice (D:11)
  4 gargoyles (D:12)
  An unseen horror (D:12)
  An efreet (D:12)
  A komodo dragon (D:12)
  5 trolls
  3 slime creatures (D:12)
  2 vampires
  A wyvern (D:7)
  2 wraiths (D:11)
  8 yaks
  5 wargs
  2 basilisks
  3 steam dragons
  7 vampire mosquitoes (D:12)
  4 acid dragons
  3 water moccasins
  13 orc warriors
  9 ogres
  7 centaurs
  5 phantoms
  A kobold brigand (D:9)
  3 bullfrogs
  A spectral water moccasin (D:5)
  2 gnoll sergeants
  A necrophage (D:5)
  3 scorpions
  A water moccasin zombie (D:5)
  26 wights
  11 killer bees
  2 electric eels (D:10)
  5 howler monkeys (D:10)
  2 bombardier beetles
  12 hounds
  A bullfrog skeleton (D:5)
  A jelly (D:5)
  10 orc priests
  2 sleepcaps (D:5)
  Natasha (thrice) (D:4)
  4 iguanas
  16 orc wizards
  A scorpion simulacrum (D:5)
  Robin (D:3)
  12 gnolls
  5 adders
  A white imp (D:6)
  2 ufetubi (D:7)
  4 ribbon worms
  5 dart slugs
  55 orcs
  7 ball pythons
  8 bats
  10 endoplasms
  3 giant cockroaches
  21 goblins
  9 hobgoblins
  13 jackals
  5 quokkas
  4 frilled lizards
  10 kobolds
  8 rats
415 creatures vanquished.

Vanquished Creatures (others)
  An orc wizard (D:6)
1 creature vanquished.

Grand Total: 416 creatures vanquished

Notes
Turn   | Place    | Note
-------+----------+-------------------------------------------
     0 | D:1      | shadizar the Gnoll Wanderer began the quest for the Orb.
     0 | D:1      | shadizar set off with the following items: a +2 hand axe, a
                  | +0 spear, a +0 ring mail, a potion of attraction.
     0 | D:1      | Reached XP level 1. HP: 17/17 MP: 1/1
    90 | D:1      | Reached XP level 2. HP: 15/23 MP: 2/2
   251 | D:1      | Reached XP level 3. HP: 22/28 MP: 3/3
   467 | D:1      | Got Sif Muna's Folio of the Unstable Arsonist
   488 | D:1      | Reached skill level 1 in Invocations
   916 | D:2      | Reached skill level 1 in Short Blades
   916 | D:2      | Reached skill level 1 in Long Blades
   916 | D:2      | Reached skill level 1 in Maces & Flails
   916 | D:2      | Reached skill level 1 in Staves
   916 | D:2      | Reached skill level 1 in Ranged Weapons
   916 | D:2      | Reached skill level 1 in Throwing
   916 | D:2      | Reached skill level 1 in Stealth
   916 | D:2      | Reached skill level 1 in Shields
   916 | D:2      | Reached skill level 1 in Unarmed Combat
   916 | D:2      | Reached skill level 1 in Spellcasting
  1249 | D:2      | Reached skill level 1 in Shapeshifting
  1249 | D:2      | Reached XP level 4. HP: 33/34 MP: 5/5
  1718 | D:3      | Reached skill level 1 in Conjurations
  1718 | D:3      | Reached skill level 1 in Hexes
  1718 | D:3      | Reached skill level 1 in Summonings
  1718 | D:3      | Reached skill level 1 in Necromancy
  1718 | D:3      | Reached skill level 1 in Translocations
  1718 | D:3      | Reached skill level 1 in Fire Magic
  1718 | D:3      | Reached skill level 1 in Ice Magic
  1718 | D:3      | Reached skill level 1 in Air Magic
  1718 | D:3      | Reached skill level 1 in Earth Magic
  1718 | D:3      | Reached skill level 1 in Alchemy
  1882 | D:3      | Identified the +0 leather armour of the Pear {rElec}
  1933 | D:3      | You fall into a shaft and drop 2 floors!
  1933 | D:5      | Entered Level 5 of the Dungeon
  1933 | D:5      | Found Veenefymn's Weapon Emporium.
  1970 | D:4      | Noticed a scorpion
  1982 | D:4      | Killed a scorpion
  1983 | D:4      | Reached XP level 5. HP: 33/41 MP: 5/7
  2234 | D:4      | Reached XP level 6. HP: 47/47 MP: 8/8
  2235 | D:4      | Noticed Natasha
  2242 | D:4      | Killed Natasha
  2396 | D:4      | Noticed Natasha
  2405 | D:4      | Killed Natasha
  2498 | D:4      | Reached XP level 7. HP: 41/52 MP: 10/10
  2575 | D:4      | Noticed Natasha
  2585 | D:4      | Killed Natasha
  2669 | D:4      | Found a staircase to the Ecumenical Temple.
  3312 | Temple   | Entered the Ecumenical Temple
  3339 | Temple   | Became a worshipper of Warmaster Okawaru
  3789 | D:3      | Found a glowing silver altar of Zin.
  4037 | D:3      | Noticed Robin
  4045 | D:3      | Killed Robin
  4530 | D:5      | Reached XP level 8. HP: 60/60 MP: 12/12
  4764 | D:5      | Reached * piety under Okawaru
  5092 | D:5      | Identified the +2 dagger of Tajegeif {pain, Int+2 SInv}
  5143 | D:5      | Reached ** piety under Okawaru
  5494 | D:5      | Reached XP level 9. HP: 66/66 MP: 14/14
  5879 | D:5      | Reached skill level 5 in Fighting
  5879 | D:5      | Reached skill level 5 in Polearms
  5879 | D:5      | Reached skill level 5 in Dodging
  5879 | D:5      | Reached skill level 5 in Evocations
  6155 | D:6      | Reached *** piety under Okawaru
  6156 | D:6      | Reached skill level 5 in Invocations
  6788 | D:6      | Found a snail-covered altar of Cheibriados.
  6893 | D:7      | Found a shimmering altar of Xom.
  7198 | D:7      | Reached skill level 5 in Short Blades
  7198 | D:7      | Reached skill level 5 in Long Blades
  7198 | D:7      | Reached skill level 5 in Maces & Flails
  7198 | D:7      | Reached skill level 5 in Staves
  7198 | D:7      | Reached skill level 5 in Ranged Weapons
  7198 | D:7      | Reached skill level 5 in Throwing
  7198 | D:7      | Reached skill level 5 in Stealth
  7198 | D:7      | Reached skill level 5 in Shields
  7198 | D:7      | Reached skill level 5 in Unarmed Combat
  7198 | D:7      | Reached skill level 5 in Spellcasting
  7198 | D:7      | Reached XP level 10. HP: 59/76 MP: 14/17
  7903 | D:8      | Reached **** piety under Okawaru
  8004 | D:8      | Found a stormy altar of Qazlal.
  8039 | D:8      | Reached skill level 5 in Shapeshifting
  8078 | D:8      | Found a hide-covered altar of Uskayaw.
  8261 | D:8      | Found a bloodstained altar of Trog.
  8402 | D:8      | Found The Oracle's Delphic Readings.
  8709 | D:9      | Found a shimmering blue altar of Sif Muna.
  9066 | D:9      | Noticed Harold
  9084 | D:9      | Killed Harold
  9085 | D:9      | Reached skill level 5 in Conjurations
  9085 | D:9      | Reached skill level 5 in Hexes
  9085 | D:9      | Reached skill level 5 in Summonings
  9085 | D:9      | Reached skill level 5 in Necromancy
  9085 | D:9      | Reached skill level 5 in Translocations
  9085 | D:9      | Reached skill level 5 in Fire Magic
  9085 | D:9      | Reached skill level 5 in Ice Magic
  9085 | D:9      | Reached skill level 5 in Air Magic
  9085 | D:9      | Reached skill level 5 in Earth Magic
  9085 | D:9      | Reached skill level 5 in Alchemy
  9085 | D:9      | Reached XP level 11. HP: 55/83 MP: 18/20
  9388 | D:10     | Entered Level 10 of the Dungeon
  9603 | D:10     | Found an opulent altar of Gozag.
  9779 | D:10     | Noticed a two-headed ogre
  9788 | D:10     | Killed a two-headed ogre
  9922 | D:10     | Found Etah Kur's General Store.
 10137 | D:10     | Noticed a two-headed ogre
 10149 | D:10     | Killed a two-headed ogre
 10355 | D:10     | Found a staircase to the Orcish Mines.
 10432 | D:10     | Reached ***** piety under Okawaru
 10647 | Orc:1    | Entered Level 1 of the Orcish Mines
 10736 | Orc:1    | Noticed an orc knight
 10770 | Orc:1    | Noticed an orc sorcerer
 10772 | Orc:1    | Noticed Fannar
 10773 | Orc:1    | Noticed an orc sorcerer
 11170 | D:11     | Noticed a six-headed hydra
 11181 | D:11     | Killed a six-headed hydra
 11265 | D:11     | Noticed Sonja
 11278 | D:11     | Killed Sonja
 11444 | D:11     | Found a staircase to the Lair.
 11447 | D:11     | Noticed an oklob plant
 11495 | D:11     | Noticed Urug
 11504 | D:11     | Killed Urug
 11667 | D:11     | Noticed a two-headed ogre
 11680 | D:11     | Killed a two-headed ogre
 11681 | D:11     | Noticed Maurice
 11690 | D:11     | Killed Maurice
 11697 | D:11     | Reached XP level 12. HP: 91/91 MP: 22/22
 12490 | D:12     | Noticed a two-headed ogre
 12498 | D:12     | Killed a two-headed ogre
 12507 | D:12     | Reached skill level 10 in Axes
 12507 | D:12     | Reached skill level 10 in Armour
 12547 | D:12     | Received a gift from Okawaru
 13333 | D:12     | Noticed a boulder beetle
 13336 | D:12     | Noticed a deep elf knight
 13371 | D:12     | Killed a deep elf knight
 13496 | D:12     | Killed a boulder beetle
 13578 | D:12     | Reached XP level 13. HP: 99/99 MP: 25/25
 13591 | D:12     | Noticed a rakshasa
 13601 | D:12     | Killed a rakshasa
 13831 | Orc:1    | Paralysed by an orc sorcerer for 3 turns
 13933 | D:10     | Killed Fannar
 14193 | Orc:1    | Noticed an orc warlord
 14251 | Orc:1    | Killed an orc warlord
 14367 | Orc:2    | Entered Level 2 of the Orcish Mines
 14588 | Orc:2    | Found a staircase to the Elven Halls.
 14651 | Orc:2    | Received a gift from Okawaru
 14840 | Orc:2    | Reached ****** piety under Okawaru
 14849 | Orc:2    | HP: 5/101 [two-headed ogre/+0 giant club (4)]
 14850 | Orc:2    | Demolished by a two-headed ogre

Illustrated notes

Levels and vault maps discovered:
D:1:      minmay_arrival_four_circles, layout_basic, kennysheep_flooded_box
D:2:      layout_basic
D:3:      kennysheep_goblin_castle, layout_rooms, lemuel_tele_altar
D:4:      layout_basic, minmay_temple_entry_junction, uniq_natasha
D:5:      cheibrodos_quashed, layout_rooms, serial_shops,
          nicolae_lakefront_shop, hex_tiny, dilly_guarded_unrand_morg
D:6:      layout_basic, slow_altar_2, grunt_decor_one_mirror
D:7:      nicolae_cairo_tiling, layout_gridville, mainiacjoe_overflow_paths,
          minivault_5
D:8:      layout_rooms, nicolae_uskayaw_murder_on_the_dancefloor,
          trog_three_pillars_becter, mainiacjoe_overflow_surrounded_room,
          nicolae_nh_oracle_at_delphi
D:9:      layout_roguey, mainiacjoe_overflow_boulevard, uniq_harold
D:10:     layout_basic, mainiacjoe_overflow_six_doors_small, serial_shops, shop,
          hangedman_abyss_or_decor_slice
D:11:     layout_basic, dpeg_oklobed_lair, minivault_26, uniq_urug,
          uniq_maurice, uniq_sonja
D:12:     kennysheep_windowed_halls, layout_loops_ring, minmay_door_square
Temple:   dpeg_chambers_temple
Orc:1:    layout_caves, minmay_orc_temple_a, uniq_fannar
Orc:2:    st_orc_ogre_mass, layout_caves, serial_shops, shop_coins

Skill      XL: |  1  2  3  4  5  6  7  8  9 10 11 12 13 |
---------------+----------------------------------------+-----
Invocations    | 1 2 3 4 5 6 7 8 9 |  9.8
Short Blades   | 1 2 3 5 6 7 8 |  8.9
Long Blades    | 1 2 3 5 6 7 8 |  8.9
Maces & Flails | 1 2 3 5 6 7 8 |  8.9
Staves         | 1 2 3 5 6 7 8 |  8.9
Ranged Weapons | 1 2 3 5 6 7 8 |  8.9
Throwing       | 1 2 3 5 6 7 8 |  8.9
Stealth        | 1 2 3 5 6 7 8 |  8.9
Shields        | 1 2 3 5 6 7 8 |  8.9
Unarmed Combat | 1 2 3 5 6 7 8 |  8.9
Spellcasting   | 1 2 3 5 6 7 8 |  8.9
Shapeshifting  | 1 2 3 4 5 6 7 8 |  8.1
Conjurations   | 1 2 3 4 5 6 7 |  7.4
Hexes          | 1 2 3 4 5 6 7 |  7.4
Summonings     | 1 2 3 4 5 6 7 |  7.4
Necromancy     | 1 2 3 4 5 6 7 |  7.4
Translocations | 1 2 3 4 5 6 7 |  7.4
Fire Magic     | 1 2 3 4 5 6 7 |  7.4
Ice Magic      | 1 2 3 4 5 6 7 |  7.4
Air Magic      | 1 2 3 4 5 6 7 |  7.4
Earth Magic    | 1 2 3 4 5 6 7 |  7.4
Alchemy        | 1 2 3 4 5 6 7 |  7.4
Fighting       | 3 4 5 6 7 8 9 |  9.3
Polearms       | 3 4 5 6 7 8 9 |  9.3
Dodging        | 3 4 5 6 7 8 9 |  9.3
Evocations     | 3 4 5 6 7 8 9 |  9.3
Axes           | 7 8 9 10 11 | 11.1
Armour         | 7 8 9 10 11 | 11.1

Action                     |  1- 3 |  4- 6 |  7- 9 | 10-12 | 13-15 || total
---------------------------+-------+-------+-------+-------+-------++-------
  Melee: Hand axe          |   119 |   112 |   466 |    54 |       ||   751
         Bite              |     7 |    24 |    67 |    88 |    30 ||   216
         Long sword        |       |       |       |   401 |       ||   401
         Morningstar       |       |       |       |    47 |       ||    47
         Demon trident     |       |       |       |   200 |   280 ||   480
 Invoke: Heroism           |       |       |     1 |    17 |     7 ||    25
         Finesse           |       |       |       |     1 |       ||     1
  Evoke: Wand              |       |       |       |     5 |       ||     5
    Use: Scroll            |       |       |    13 |     9 |     2 ||    24
         Potion            |       |       |     2 |     5 |     5 ||    12
   Stab: Invisible         |       |       |       |     1 |       ||     1
 Armour: Ring mail         |    66 |    77 |    62 |       |       ||   205
         Chain mail        |       |       |   250 |   108 |       ||   358
         Plate armour      |       |       |       |   422 |   117 ||   539
  Dodge: Dodged            |    72 |    52 |   338 |   398 |   130 ||   990
  Block: Kite shield       |       |       |       |   260 |   145 ||   405

Table legend: (Time is in decaauts)
 A = Elapsed time spent in this place.
 B = Non-inter-level travel time spent in this place.
 C = Inter-level travel time spent in this place.
 D = Time resting spent in this place.
 E = Time spent auto-exploring this place.
 F = Levels seen in this place.
 G = Mean time per level.
                   A        B        C        D        E       F      G
               +--------+--------+--------+--------+--------+-----+--------+
         Total |  14789 |  13667 |   1122 |      0 |   9709 |  15 |  985.9 |
       Dungeon |  13863 |  12785 |   1078 |      0 |   9270 |  12 | 1155.2 |
        Temple |     48 |      6 |     42 |      0 |      0 |   1 |   48.0 |
  Orcish Mines |    877 |    877 |      0 |      0 |    439 |   2 |  438.5 |
               +--------+--------+--------+--------+--------+-----+--------+

Top non-repeatable levels by time:
     D:4: 1703 daAuts
     D:5: 1692 daAuts
    D:10: 1624 daAuts
    D:12: 1323 daAuts
    D:11: 1246 daAuts
     D:3: 1071 daAuts
     D:7: 958 daAuts
     D:1: 886 daAuts
     D:9: 883 daAuts
     D:2: 837 daAuts
     D:8: 835 daAuts
     D:6: 800 daAuts
   Orc:1: 530 daAuts
   Orc:2: 346 daAuts
  Temple: 48 daAuts
